 Dungeon Crawl Stone Soup version 0.20.0-1-g1cb1d84 (webtiles) character file.

165 Fenrisulfr the Cudgeler (level 5, -10/46 HPs)
             Began as a Draconian Berserker on May 26, 2017.
             Was a Believer of Trog.
             Killed by divine providence
             ... invoked by an orc priest
              (17 damage)
             ... on level 3 of the Dungeon.
             The game lasted 00:05:57 (2930 turns).

Fenrisulfr the Cudgeler (Draconian Berserker)       Turns: 2930, Time: 00:05:58

Health: -10/46     AC:  6    Str: 21    XL:     5   Next: 21%
Magic:  5/5        EV: 13    Int:  7    God:    Trog [**....]
Gold:   167        SH:  0    Dex: 10    Spells: 4/4 levels left

rFire    . . .     SeeInvis .   a - +0 mace
rCold    . . .     Gourm    .   (no shield)
rNeg     . . .     Faith    .   (armour unavailable)
rPois    .         Spirit   .   (helmet restricted)
rElec    .         Reflect  .   (no cloak)
rCorr    .         Harm     .   p - +0 pair of gloves
MR       ++...                  (no boots)
Stlth    +.........             (no amulet)
Regen    1.2/turn               (no ring)
MPRegen  0.1/turn               (no ring)

@: berserk cooldown, regenerating, slowed, very slow
A: unfitting armour, cold-blooded, AC +5
a: Berserk, Trog's Hand, Burn Spellbooks, Renounce Religion


You were on level 3 of the Dungeon.
You worshipped Trog.
Trog was pleased with you.
You were very hungry.

You visited 1 branch of the dungeon, and saw 3 of its levels.

You collected 167 gold pieces.

Inventory:

Hand Weapons
 a - a +0 mace (weapon)
Armour
 p - a +0 pair of gloves (worn)
Jewellery
 g - an uncursed amulet of rage
 i - an uncursed ring of protection from cold
Scrolls
 c - a scroll of noise {unknown}
 e - a scroll of remove curse
 f - a scroll of identify
 j - a scroll of teleportation {unknown}
 l - a scroll of recharging
 n - a scroll of enchant armour {unknown}
 o - a scroll of fear {unknown}
Potions
 d - a potion of lignification {unknown}
 m - 2 potions of degeneration {unknown}
 q - a potion of curing {unknown}
Comestibles
 b - a bread ration
 h - 2 fruits
 k - a meat ration


   Skills:
 + Level 3.7 Fighting
 + Level 4.4 Maces & Flails
 + Level 4.2 Dodging
 + Level 0.2 Stealth


You had 4 spell levels left.
You didn't know any spells.

Dungeon Overview and Level Annotations

Branches:
Dungeon (3/15)

Altars:
Kikubaaqudgha


Innate Abilities, Weirdness & Mutations

Your plain brown scales are hard. (AC +5)
You cannot fit into any form of body armour.
You are cold-blooded and may be slowed by cold attacks.


Message History

You sock the goblin!
You kill the goblin!
Trog accepts your kill. The ooze hits you.
* * * LOW HITPOINT WARNING * * *
The orc priest closely misses you. The orc hits you.
* * * LOW HITPOINT WARNING * * *
Things that are here:
a club; a yellow potion; a goblin corpse You feel a strong urge to attack something.
The orc priest mumbles some strange prayers to Beogh against you.
Beogh smites you!
* * * LOW HITPOINT WARNING * * *
You feel your anger subside.
You are no longer berserk.
You are exhausted.
You feel yourself slow down. The goblin barely misses you.
You barely miss the goblin.
The orc priest invokes the aid of Beogh against you.
Beogh smites you!
You die...

### ## #.. .# #.# .# #.#
.# . ##.## .# ...
##.#.## .#
.....###.###.#######.##
#.......## ##.g@..Joo.#
#########.###<#######w.#
).......##.#.## ..#
#######.#.....#### ..#
....)(....)........ ..#
##.####.#.....##### ..#
##.####.##........ ...
##................ #.#
##..###.##########


You could see a worm, an orc priest, an ooze, an orc and a goblin.

Vanquished Creatures
  A vampire bat (D:2)
  An orc wizard (D:3)
  Jessica (D:2)
  An ooze (D:3)
  2 dart slugs (D:1)
  2 leopard geckos (D:1)
  4 orcs (D:3)
  2 bat skeletons (D:2)
  4 bat zombies (D:2)
  A giant cockroach (D:2)
  8 goblins
  6 hobgoblins
  4 jackals (D:2)
  A quokka (D:2)
  2 ball pythons (D:3)
  6 bats
  2 frilled lizards
  4 kobolds
  6 rats
58 creatures vanquished.

Notes
Turn   | Place    | Note
-------+----------+-------------------------------------------
     0 | D:1      | Fenrisulfr the Draconian Berserker began the quest for the Orb.
     0 | D:1      | Reached XP level 1. HP: 19/19 MP: 1/1
   354 | D:1      | Reached XP level 2. HP: 26/26 MP: 2/2
  1368 | D:2      | Reached ** piety under Trog
  1413 | D:2      | Reached XP level 3. HP: 28/31 MP: 3/3
  1428 | D:2      | Noticed Jessica
  1458 | D:2      | Killed Jessica
  1877 | D:2      | Reached XP level 4. HP: 38/38 MP: 4/4
  1881 | D:2      | Found an ancient bone altar of Kikubaaqudgha.
  2621 | D:3      | Found a faded altar of an unknown god.
  2673 | D:3      | Reached XP level 5. HP: 19/46 MP: 5/5
  2930 | D:3      | Killed from afar by an orc priest

Skill      XL: |  1  2  3  4 |
---------------+-------------+-----
Dodging        | 3 4 |  4.2
Maces & Flails | 4 |  4.4
Fighting       | |  3.7
Stealth        | |  0.2

Action                   |  1- 3 |  4- 6 || total
-------------------------+-------+-------++-------
Melee: Mace              |   111 |    78 ||   189
       Tailslap          |     9 |     4 ||    13
Invok: Trog's Hand       |     1 |     1 ||     2
       Berserk           |       |     1 ||     1
  Use: Scroll            |       |     5 ||     5
  Eat: Chunk             |     2 |     4 ||     6
       Fruit             |     1 |       ||     1
Armor: Skin              |    51 |    27 ||    78
Dodge: Dodged            |   137 |    63 ||   200
